 Dungeon Crawl Stone Soup version 0.27-a0-1442-g87b6fcb595 (webtiles) character file.

Game seed: 3838336958804746924

142 Lanoc the Chiller (level 5, -19/38 HPs)
             Began as a Ghoul Ice Elementalist on July 4, 2021.
             Demolished by a polar bear (25 damage)
             ... created by the rage of Trog
             ... on level 3 of the Dungeon.
             The game lasted 00:04:55 (3413 turns).

Lanoc the Chiller (Ghoul Ice Elementalist)          Turns: 3413, Time: 00:04:56

Health: -19/38     AC:  3    Str: 12    XL:     5   Next: 25%
Magic:  3/6        EV: 12    Int: 11    God:
Gold:   116        SH:  0    Dex:  9    Spells: 3/7 levels left

rFire    . . .     SeeInvis .   i - +0 dagger (venom)
rCold    + . .     Faith    .   (no shield)
rNeg     + + +     Spirit   .   a - +0 robe
rPois    ∞         Reflect  .   (no helmet)
rElec    .         Harm     .   e - +0 cloak
rCorr    .         Rampage  .   (no gloves)
Will     .....                  (no boots)
Stlth    ++........             (no amulet)
HPRegen  0.00/turn              (no ring)
MPRegen  0.10/turn              (no ring)

@: about to teleport, freezing walls
A: claws 1, cold resistance 1, negative energy resistance 3, inhibited
regeneration, torment resistance 2
a: no special abilities


You were on level 3 of the Dungeon.
You visited 1 branch of the dungeon, and saw 3 of its levels.

You collected 116 gold pieces.

Inventory:

Hand Weapons
 i - a +0 dagger of venom (weapon)
Armour
 a - a +0 robe (worn)
 e - a +0 cloak (worn)
Scrolls
 h - a scroll of identify
Potions
 b - 2 potions of heal wounds {unknown}
 d - a potion of lignification {unknown}
 f - a potion of magic {unknown}
 g - a potion of curing {unknown}
 j - a potion of ambrosia


   Skills:
 + Level 4.0 Dodging
 - Level 2.1 Stealth
 - Level 1.7 Spellcasting
 * Level 5.3 Ice Magic


You had 3 spell levels left.
You knew the following spells:

 Your Spells              Type           Power      Damage    Failure   Level
a - Freeze                Ice            48%        1d7       3%          1
b - Frozen Ramparts       Ice            24%        1d4       10%         3

Your spell library contained the following spells:

 Spells                   Type           Power      Damage    Failure   Level
 Ozocubu's Armour         Ice            12%        N/A       10%         3
 Summon Small Mammal      Summ           0%         N/A       30%         1
 Call Canine Familiar     Summ           0%         N/A       65%         3
 Summon Guardian Golem    Hex/Summ       0%         N/A       65%         3
 Tukima's Dance           Hex            0%         N/A       65%         3
 Hailstorm                Conj/Ice       6%         3d4       69%         4
 Passage of Golubria      Tloc           N/A        N/A       96%         4
 Yara's Violent Unravell  Hex/Tmut       0%         3d3       100%        5


Dungeon Overview and Level Annotations

Branches:
Dungeon (3/15)

Altars:
Trog


Innate Abilities, Weirdness & Mutations

You thrive by killing the living.
You are immune to poison.
You have sharp fingernails.
Your flesh is cold resistant. (rC+)
You are immune to negative energy. (rN+++)
You do not regenerate when monsters are visible.
You are immune to unholy pain and torment.


Message History

The jackal is moderately wounded.
The wall freezes the jackal.
The jackal closely misses you.
The wall freezes the jackal.
The jackal bites you but does no damage.
The wall freezes the jackal.
You kill the jackal!
You feel better.
You hit the jackal but do no damage.
The jackal is poisoned.
The jackal is severely wounded.
You kill the jackal!
Trog sends monsters to punish you. 3 polar bears and 3 black bears come into view.
You barely miss the black bear.
There are monsters nearby!
As you read the scroll labelled CUCZIA XIXKO, it crumbles to dust.
You feel strangely unstable.
It was a scroll of teleportation.
The polar bear completely resists.
The wall freezes the polar bear but does no damage.
The polar bear bites you!!
Ouch! That really hurt!
The polar bear claws you but does no damage. x2
The polar bear resists.
The wall freezes the polar bear.
The wall freezes the black bear.
The black bear barely misses you.
The black bear claws you but does no damage.
The black bear claws you.
As you read the scroll labelled ZUIKHU ZORUTA, it crumbles to dust.
It is a scroll of identify.
j - a potion of ambrosia The polar bear resists.
The wall freezes the polar bear.
The wall freezes the black bear. x2; The polar bear resists.
The wall freezes the polar bear.
The polar bear closely misses you. The polar bear claws you.
* * * LOW HITPOINT WARNING * * *
The polar bear barely misses you.
The wall freezes the black bear.
You hear an angry growl.
The polar bear completely resists.
The wall freezes the polar bear but does no damage.
The polar bear bites you!!
Ouch! That really hurt!
You die...

#.......#.# #
#.......#.# #.#.##
#########.# .#....
#...# ..#... #####.###
#.#...######.....# #.h
#...#....##### #.#.h##
#...#### #..hh@# #..##
#..##h###..## #
#h##....# #..†..#.# ##
...........#.# ####.
#...##.......######....
#.. #....#............
# ...................
##..##..###.###.....


You could see 3 polar bears and 3 black bears.

Vanquished Creatures
  5 adders
  5 dart slugs
  A worm (D:2)
  11 ball pythons
  9 bats
  11 endoplasms
  5 giant cockroaches
  9 hobgoblins
  6 jackals
  4 quokkas
  2 frilled lizards
  3 goblins (D:1)
  5 kobolds
  4 rats
80 creatures vanquished.

Notes
Turn   | Place    | Note
-------+----------+-------------------------------------------
     0 | D:1      | Lanoc the Ghoul Ice Elementalist began the quest for the
                  | Orb.
     0 | D:1      | Reached XP level 1. HP: 14/14 MP: 2/2
   163 | D:1      | Reached XP level 2. HP: 4/20 MP: 0/3
   570 | D:1      | Found a faded altar of an unknown god.
   588 | D:1      | Became a worshipper of Trog the Wrathful
   588 | D:1      | Reached * piety under Trog
   606 | D:1      | Was placed under penance by Trog
   770 | D:1      | Reached XP level 3. HP: 26/26 MP: 4/4
   792 | D:1      | Learned a level 3 spell: Frozen Ramparts
  1433 | D:2      | Paralysed by Trog for 4 turns
  1845 | D:2      | Reached XP level 4. HP: 22/33 MP: 5/5
  2507 | D:2      | Fell from the grace of Trog
  3060 | D:3      | Reached skill level 5 in Ice Magic
  3176 | D:3      | Reached XP level 5. HP: 33/38 MP: 2/6
  3411 | D:3      | Noticed a polar bear
  3411 | D:3      | Noticed a black bear
  3411 | D:3      | Noticed a polar bear
  3411 | D:3      | Noticed a black bear
  3411 | D:3      | Noticed a polar bear
  3411 | D:3      | Noticed a black bear
  3413 | D:3      | Demolished by a polar bear

Illustrated notes

Levels and vault maps discovered:
D:1:      matt_arrival_spirals, layout_rooms,
          shapermc_ecumenical_altar_mp_highgroup
D:2:      minmay_door_path, layout_loops_ring
D:3:      layout_rooms, st_stairs_3, roderic_nine_men_s_morris

Skill      XL: |  1  2  3  4 |
---------------+-------------+-----
Dodging        | 2 3 4 |  4.0
Ice Magic      | 5 |  5.3
Stealth        | |  2.1
Spellcasting   | |  1.7

Action                   |  1- 3 |  4- 6 || total
-------------------------+-------+-------++-------
Melee: Unarmed           |   174 |   130 ||   304
       Dagger            |       |    34 ||    34
 Cast: Freeze            |    20 |    11 ||    31
       Frozen Ramparts   |       |     7 ||     7
  Use: Scroll            |       |     2 ||     2
 Stab: Sleeping          |     8 |     4 ||    12
Armor: Robe              |    41 |    55 ||    96
Dodge: Dodged            |   135 |   125 ||   260

Table legend: (Time is in decaauts)
 A = Elapsed time spent in this place.
 B = Non-inter-level travel time spent in this place.
 C = Inter-level travel time spent in this place.
 D = Time resting spent in this place.
 E = Time spent auto-exploring this place.
 F = Levels seen in this place.
 G = Mean time per level.
                   A        B        C        D        E       F      G
               +--------+--------+--------+--------+--------+-----+--------+
         Total |   3411 |   3337 |     74 |      0 |   2621 |   3 | 1137.0 |
       Dungeon |   3411 |   3337 |     74 |      0 |   2621 |   3 | 1137.0 |
               +--------+--------+--------+--------+--------+-----+--------+

Top non-repeatable levels by time:
     D:2: 1676 daAuts
     D:1: 1380 daAuts
     D:3: 354 daAuts
